 Dungeon Crawl Stone Soup version 0.20.1-1-g8b1a95d (webtiles) character file.

96 ucho the Chopper (level 4, -7/39 HPs)
             Began as a Minotaur Berserker on Dec 4, 2017.
             Was a Believer of Trog.
             Mangled by Crazy Yiuf
             ... wielding a +2 quarterstaff of chaos
              (11 damage)
             ... on level 3 of the Dungeon.
             The game lasted 00:07:09 (1863 turns).

ucho the Chopper (Minotaur Berserker)               Turns: 1863, Time: 00:07:09

Health: -7/39      AC:  7    Str: 23    XL:     4   Next: 41%
Magic:  3/3        EV: 10    Int:  4    God:    Trog [**....]
Gold:   168        SH:  0    Dex:  9    Spells: 3/3 levels left

rFire    . . .     SeeInvis .   a - +0 hand axe
rCold    . . .     Gourm    .   (no shield)
rNeg     . . .     Faith    .   k - +0 scale mail
rPois    .         Spirit   .   (helmet restricted)
rElec    .         Reflect  .   (no cloak)
rCorr    .         Harm     .   p - +0 pair of gloves
MR       .....                  (no boots)
Stlth    ..........             (no amulet)
Regen    0.2/turn               (no ring)
MPRegen  0.1/turn               (no ring)

@: berserk cooldown, very slightly contaminated, slowed, drained, invisible,
very slow
A: retaliatory headbutt, horns 2
a: Berserk, Trog's Hand, Burn Spellbooks, Renounce Religion


You were on level 3 of the Dungeon.
You worshipped Trog.
Trog was pleased with you.
You were very hungry.

You visited 1 branch of the dungeon, and saw 3 of its levels.

You collected 168 gold pieces.

Inventory:

Hand Weapons
 a - a +0 hand axe (weapon)
Armour
 k - a +0 scale mail (worn)
 p - a +0 pair of gloves (worn)
Wands
 i - a wand of disintegration (11/24)
Scrolls
 b - a scroll of magic mapping {unknown}
 e - a scroll of blinking
 j - 2 scrolls of teleportation {unknown}
 m - a scroll of noise {unknown}
 o - a scroll of fear {unknown}
 r - 3 scrolls of identify
 s - a scroll of random uselessness {unknown}
Potions
 f - a potion of mutation {unknown}
 g - a potion of lignification {unknown}
 h - 2 potions of haste {unknown}
 l - a potion of invisibility {unknown}
 q - 2 potions of degeneration {unknown}
Comestibles
 c - 2 bread rations
 d - 5 chunks of flesh
 n - a fruit


   Skills:
 - Level 3.6(3.0) Fighting
 * Level 6.3(5.7) Axes
 - Level 2.4(1.8) Armour
 - Level 2.1(1.6) Dodging


You had 3 spell levels left.
You didn't know any spells.

Dungeon Overview and Level Annotations

Branches:
Dungeon (3/15)

Altars:
Uskayaw

Annotations:
D:3 Crazy Yiuf


Innate Abilities, Weirdness & Mutations

You reflexively headbutt those who attack you in melee.
You have a pair of horns on your head.


Message History

* * * LOW HITPOINT WARNING * * *
You hit Crazy Yiuf.
Crazy Yiuf is moderately wounded.
Crazy Yiuf hits you with a quarterstaff of chaos!
* * * LOW HITPOINT WARNING * * *
Crazy Yiuf hits you with a quarterstaff of chaos.
* * * LOW HITPOINT WARNING * * *
You fade into invisibility!
You are very lightly contaminated with residual magic.
Your scale mail prevents you from hitting Crazy Yiuf.
Crazy Yiuf is moderately wounded.
Crazy Yiuf says, "Tosser poople tortoise!"
Crazy Yiuf barely misses you.
You hit Crazy Yiuf but do no damage. Your headbutt misses Crazy Yiuf.
Crazy Yiuf is moderately wounded.
Crazy Yiuf closely misses you.
You hit Crazy Yiuf.
Crazy Yiuf is heavily wounded.
Crazy Yiuf hits you with a quarterstaff of chaos!
You die...

#....#
♣...♣♣
♣♣...♣
♣♣.♣♣
♣♣.♣
♣.♣♣
♣♣.♣
♣.♣♣
##@##
#.g.#
#...#
#)..#
#####


You could see Crazy Yiuf.

Vanquished Creatures
  4 adders (D:2)
  A gnoll (D:1)
  A worm (D:2)
  3 leopard geckos
  An orc (D:3)
  3 bats
  3 giant cockroaches
  7 goblins
  6 hobgoblins
  4 kobolds
  A quokka (D:2)
  A ball python (D:2)
  A frilled lizard (D:2)
  5 rats
41 creatures vanquished.

Notes
Turn   | Place    | Note
-------+----------+-------------------------------------------
     0 | D:1      | ucho the Minotaur Berserker began the quest for the Orb.
     0 | D:1      | Reached XP level 1. HP: 19/19 MP: 0/0
    45 | D:1      | Reached skill level 4 in Axes
    50 | D:1      | Reached XP level 2. HP: 13/26 MP: 1/1
   440 | D:1      | Reached skill level 5 in Axes
   657 | D:2      | Reached XP level 3. HP: 16/31 MP: 2/2
  1163 | D:2      | Noticed a dagger
  1164 | D:2      | Found a hide-covered altar of Uskayaw.
  1165 | D:2      | Noticed a hand axe
  1198 | D:2      | Reached XP level 4. HP: 39/39 MP: 3/3
  1317 | D:2      | Reached skill level 6 in Axes
  1318 | D:2      | Reached ** piety under Trog
  1846 | D:3      | Found a runed door.
  1852 | D:3      | Noticed Crazy Yiuf
  1863 | D:3      | Mangled by Crazy Yiuf

Skill      XL: |  1  2  3  4 |
---------------+-------------+-----
Axes           | 4 5 6 |  6.3
Fighting       | |  3.6
Armour         | |  2.4
Dodging        | |  2.1

Action                   |  1- 3 |  4- 6 || total
-------------------------+-------+-------++-------
Melee: Hand axe          |    74 |    43 ||   117
       Headbutt          |    12 |     2 ||    14
Invok: Berserk           |       |     1 ||     1
       Trog's Hand       |       |     1 ||     1
  Use: Scroll            |       |     3 ||     3
  Eat: Chunk             |     1 |     2 ||     3
Armor: Ring mail         |     1 |       ||     1
       Scale mail        |    12 |     9 ||    21
Dodge: Dodged            |    35 |    17 ||    52
